 Dungeon Crawl Stone Soup version 0.22.0-16-gc6d26f69f9 (webtiles) character file.

324 Kniotic the Conjurer (level 6, -6/45 HPs)
             Began as a Demigod Conjurer on Aug 18, 2018.
             Mangled by an orc priest
             ... wielding a +0 whip
              (8 damage)
             ... on level 3 of the Dungeon.
             The game lasted 00:03:12 (2631 turns).

Kniotic the Conjurer (Demigod Conjurer)             Turns: 2631, Time: 00:03:13

Health: -6/45      AC:  2    Str: 11    XL:     6   Next: 2%
Magic:  5/15       EV: 12    Int: 23    God:
Gold:   104        SH:  0    Dex: 16    Spells: 12/13 levels left

rFire    . . .     SeeInvis .   b - +1 whip (venom)
rCold    . . .     Gourm    .   (no shield)
rNeg     . . .     Faith    .   l - +0 robe (curse)
rPois    .         Spirit   .   (no helmet)
rElec    .         Reflect  .   (no cloak)
rCorr    .         Harm     .   (no gloves)
MR       .....                  (no boots)
Stlth    ++........             (no amulet)
HPRegen  0.15/turn              (no ring)
MPRegen  0.14/turn              (no ring)

@: no status effects
A: high mp 1
a: no special abilities


You were on level 3 of the Dungeon.
You were not hungry.

You visited 1 branch of the dungeon, and saw 3 of its levels.

You collected 104 gold pieces.

Inventory:

Hand Weapons
 b - a +1 whip of venom (weapon)
Armour
 a - a +0 robe
 l - a cursed +0 robe (worn)
Scrolls
 f - 2 scrolls of teleportation {unknown}
 g - a scroll of amnesia {unknown}
 h - a scroll of random uselessness {unknown}
 m - a scroll of magic mapping {unknown}
 p - 2 scrolls of immolation {unknown}
 r - 2 scrolls of enchant weapon {unknown}
 s - a scroll of enchant armour {unknown}
 u - a scroll of fog {unknown}
Potions
 e - a potion of heal wounds
 i - a potion of flight
 j - 2 potions of invisibility
 k - 3 potions of lignification {unknown}
 n - a potion of agility {unknown}
 o - 2 potions of might
 q - a potion of cancellation {unknown}
Comestibles
 c - 6 rations


   Skills:
 - Level 1.7 Dodging
 - Level 1.7 Stealth
 + Level 4.1 Spellcasting
 + Level 5.5 Conjurations


You had 12 spell levels left.
You knew the following spells:

 Your Spells              Type           Power        Failure   Level  Hunger
a - Magic Dart            Conj           ####         1%          1    None

Your spell library contained the following spells:

 Spells                   Type           Power        Failure   Level  Hunger
 Iskenderun's Mystic Bla  Conj           ####....     11%         4    ####...
 Fulminant Prism          Conj/Hex       ###.......   32%         4    ####...
 Dazzling Spray           Conj/Hex       ###...       10%         3    ##.....
 Force Lance              Conj/Tloc      ###.....     32%         4    ####...
 Searing Ray              Conj           ####..       1%          2    #......


Dungeon Overview and Level Annotations

Branches:
Dungeon (3/15)


Innate Abilities, Weirdness & Mutations

You have an increased reservoir of magic. (+10% MP)


Message History

The orc priest is lightly wounded.
You barely miss the orc priest.
The orc priest is lightly wounded.
The orc priest invokes the aid of Beogh against you.
Beogh smites you!
* * * LOW HITPOINT WARNING * * *
The orc priest completely misses you.
You hit the orc priest.
The orc priest is moderately wounded.
The orc priest hits you with a whip.
* * * LOW HITPOINT WARNING * * *
Casting: Magic Dart (safe; 1% risk of failure)
Confirm with . or Enter, or press ? or * to list all spells.
Aiming: Magic Dart (safe; 1% risk of failure)
Press: ? - help, Shift-Dir - straight line, f/p - orc priest
Aim: an orc priest, wielding a whip (moderately wounded)
The magic dart hits the orc priest.
The orc priest is almost dead.
The orc priest hits you with a whip!
You die...

#.#
#.........#...#######
###...........# #####
#######.#.#.# ....
#.#.#)# ... #.#.#.#
#.. #.#.#.# #..
#.#.#)#
###..########.#.#.#
#......o@.....#.#.#
#.#..##########.#.##
#?. #....# #.. #..#.#
).. ##.<.# .... #####
#####


You could see an orc priest.

Vanquished Creatures
  Grinder (D:3)
  4 gnolls (D:3)
  3 adders
  2 oozes
  3 worms
  A dart slug (D:2)
  3 leopard geckos (D:3)
  9 bats
  3 giant cockroaches
  5 goblins
  6 hobgoblins
  4 jackals (D:2)
  2 quokkas
  5 frilled lizards
  5 kobolds
  6 rats
62 creatures vanquished.

Notes
Turn   | Place    | Note
-------+----------+-------------------------------------------
     0 | D:1      | Kniotic the Demigod Conjurer began the quest for the Orb.
     0 | D:1      | Reached XP level 1. HP: 14/14 MP: 5/5
   247 | D:1      | Reached XP level 2. HP: 18/20 MP: 0/7
   525 | D:1      | Reached skill level 4 in Conjurations
   883 | D:2      | Reached XP level 3. HP: 20/26 MP: 1/9
  1440 | D:2      | Found a stormy altar of Qazlal.
  1726 | D:3      | Found a white marble altar of Elyvilon.
  1800 | D:3      | Reached XP level 4. HP: 33/33 MP: 5/11
  2210 | D:3      | Noticed Grinder
  2212 | D:3      | Paralysed by Grinder for 5 turns
  2229 | D:3      | Killed Grinder
  2229 | D:3      | Reached skill level 5 in Conjurations
  2229 | D:3      | Reached XP level 5. HP: 38/38 MP: 3/14
  2390 | D:3      | Reached XP level 6. HP: 17/45 MP: 6/15
  2630 | D:3      | HP: 2/45 [orc priest/whip (1)]
  2631 | D:3      | Mangled by an orc priest

Skill      XL: |  1  2  3  4 |
---------------+-------------+-----
Spellcasting   | 2 4 |  4.1
Conjurations   | 4 5 |  5.5
Dodging        | |  1.7
Stealth        | |  1.7

Action                   |  1- 3 |  4- 6 || total
-------------------------+-------+-------++-------
Melee: Whip              |     9 |    11 ||    20
 Cast: Magic Dart        |    99 |    53 ||   152
  Use: Potion            |       |     1 ||     1
       Scroll            |       |     3 ||     3
  Eat: Chunk             |     3 |     2 ||     5
Armor: Robe              |     1 |       ||     1
Dodge: Dodged            |     7 |     7 ||    14
